 Dungeon Crawl Stone Soup version 0.31-a0-216-g22e908daa7 (webtiles) character file.

Game seed: 16495907949867652784

93755 qw the Crack Shot (level 15, -1/141 HPs)
             Began as a Minotaur Hexslinger on July 2, 2023.
             Was an Elder of Okawaru.
             Slain by Asterion
             ... wielding a +1 spectral demon trident
              (6 damage)
             ... on level 1 of the Spider Nest.
             The game lasted 00:09:24 (24102 turns).

qw the Crack Shot (Minotaur Hexslinger)            Turns: 24102, Time: 00:09:25

Health: -1/141     AC: 12    Str: 18    XL:     15   Next: 61%
Magic:  16/21      EV: 14    Int: 10    God:    Okawaru [****..]
Gold:   2165       SH:  0    Dex: 27    Spells: 15/16 levels left

rFire   . . .        m - +1 triple crossbow (freeze)
rCold   . . .        (shield currently unavailable)
rNeg    . . .        y - +5 ring mail of Surprise {Str+6}
rPois   .            (helmet restricted)
rElec   .            (no cloak)
rCorr   .            (no gloves)
SInv    +            (no boots)
Will    +....        (no amulet)
Stlth   +++          k - +6 ring of dexterity
HPRegen 0.43/turn    u - ring of see invisible
MPRegen 0.17/turn

%: no passive effects
@: about to teleport, heroic, finesse-ful, held
A: horns 2, retaliatory headbutt
a: Renounce Religion, Heroism, Finesse


You were on level 1 of the Spider Nest.
You worshipped Okawaru.
Okawaru was greatly pleased with you.
You visited 4 branches of the dungeon, and saw 23 of its levels.

You collected 3780 gold pieces.
You spent 1615 gold pieces at shops.


Innate Abilities, Weirdness & Mutations

You have a pair of horns on your head.
You reflexively headbutt those who attack you in melee.


   Skills:
 - Level 15.0(20.0) Fighting
 + Level 21.3(26.3) Ranged Weapons
 - Level 6.1(11.1) Armour
 - Level 12.8(17.8) Dodging
 - Level 1.0 Spellcasting
 - Level 2.0 Hexes
 - Level 10.0 Invocations


You had 15 spell levels left.
You knew the following spells:

 Your Spells              Type           Power      Damage    Failure   Level
a - Slow                  Hex            16%        N/A       24%         1

Your spell library contained the following spells:

 Spells                   Type           Power      Damage    Failure   Level
 Inner Flame              Hex/Fire       2%         N/A       71%         3
 Portal Projectile        Hex/Tloc       4%         N/A       71%         3
 Cause Fear               Hex            2%         N/A       93%         4

Inventory:

Hand Weapons
 m - a +1 triple crossbow of freezing (weapon)
Armour
 b - a +2 pair of gloves
 i - a +2 ring mail of fire resistance
 n - the scarf "Acodagev" {repulsion, Int+6}
   (You acquired it on level 6 of the Dungeon)

   Int:       It affects your intelligence (+6).
 o - a +0 cloak
 q - the +3 leather armour of Paranoia {Harm rPois rF+}
   (You found it on level 11 of the Dungeon)

   rF:        It protects you from fire.
   rPois:     It protects you from poison.
   Harm:      It increases damage dealt and taken.
 r - a +0 pair of boots
 s - a +1 hat
 w - the +1 pair of boots of the Peculiar Planets {Int+2}
   (You acquired it on level 2 of the Orcish Mines)

   Int:       It affects your intelligence (+2).
 y - the +5 ring mail of Surprise (worn) {Str+6}
   (You found it on level 14 of the Dungeon)

   Str:       It affects your strength (+6).
Jewellery
 g - an amulet of regeneration
 k - a +6 ring of dexterity (left hand)
 u - a ring of see invisible (right hand)
 z - a +4 ring of slaying {mikee}
 Y - a ring of protection from fire
Scrolls
 a - 6 scrolls of identify
 l - 6 scrolls of teleportation
 p - 2 scrolls of enchant armour
Potions
 c - 2 potions of mutation
 d - 3 potions of might
 e - 3 potions of haste
 f - 8 potions of curing
 h - a potion of enlightenment
 j - a potion of resistance
 t - a potion of magic
 v - a potion of cancellation

Dungeon Overview and Level Annotations

Branches:
Dungeon (15/15) Temple (0/1) D:7 Lair (5/5) D:11 Swamp (0/4) Lair:2 Spider (1/4) Lair:3 Slime (0/5) Lair:4 Orc (2/2) D:11 Elf (0/3) Orc:2 Vaults (0/5) D:13 D:14 Depths (0/4) D:15

Altars:
Elyvilon
Fedhas
Gozag
Hepliaklqana
Nemelex Xobeh
Okawaru
Qazlal
Ru
Sif Muna
Vehumet
Zin
The Shining One
Jiyva
Lugonu

Shops:
D:12 (   D:15 *   Orc:2 ?**(

Portals:
Abyss: Orc:1 Lair:5

Annotations:
D:3 1 runed translucent door, qw's ghost, amateur MiHs
D:14 1 runed translucent door, Eheckubbit's ghost, journeyman DgHW
Lair:1 3 runed translucent doors, qw's ghost, journeyman GrHs
Lair:3 Nessos
Spider:1 Asterion
Orc:1 2 transporters, Necsenou's ghost, journeyman GnWn


Message History

The bolt freezes the +1 spectral demon trident.
The +1 spectral demon trident disappears.
The jumping spider leaps!
The moth of wrath goads the wolf spider on!
The wolf spider goes berserk!
The moth of wrath goads the jumping spider on!
The jumping spider goes berserk!
Asterion completely misses you.
The +1 spectral demon trident completely misses you.
A +1 spectral demon trident comes into view.
You shoot a bolt. The bolt hits the balrug!
The bolt freezes the balrug.
The balrug is lightly wounded.
The jumping spider barely misses you. You furiously retaliate!
You headbutt the jumping spider! The jumping spider misses you.
The +1 spectral demon trident completely misses you.
The balrug misses you.
The wolf spider rages.
Asterion completely misses you.
The +1 spectral demon trident misses you.
You furiously retaliate!
You headbutt the +1 spectral demon trident!
Asterion shares his spectral weapon's damage!
The jumping spider pounces on you!!
You are caught in a web!
The jumping spider bites you!
You hear a skittering sound.
The web tears apart.
The +1 spectral demon trident completely misses you.
The jumping spider completely misses you. x2
The balrug completely misses you. Asterion barely misses you.
The +1 spectral demon trident closely misses you.
You furiously retaliate!
You headbutt the +1 spectral demon trident.
The jumping spider pounces on you!
You are caught in a web!
The jumping spider closely misses you.
24102 ||| READING 7 scrolls of teleportation.
As you read the scroll of teleportation, it crumbles to dust.
You feel strangely unstable. The +1 spectral demon trident hits you!
The jumping spider pounces on you!
The jumping spider bites you but does no damage.
Asterion hits you from afar with a +1 spectral demon trident.
You die...

#.>^.#
##.###
##..#
###..##
#..###
#.##
#..##
##.s##
##@(#
##2Hy....
#s.0...
#.....
#....
^... ...
..


You could see Asterion (fast), a balrug (summoned), a wolf spider (berserk), a
moth of wrath, a jumping spider (berserk) and a +1 spectral demon trident.

Vanquished Creatures
  An ettin (Orc:2)
  Snorg (Lair:3)
  Josephine (D:14)
  2 ice dragons (D:15)
  4 hydras
  9 centaur warriors
  11 death yaks
  2 two-headed ogres
  2 boulder beetles
  2 tengu warriors
  3 orc high priests (Orc:2)
  3 thrashing horrors (Lair:5)
  Lodul (D:14)
  A bog body (Lair:3)
  A lindwurm (Lair:5)
  Pikel (D:5)
  2 deep elf pyromancers
  11 orc knights
  4 manticores
  6 orc sorcerers
  15 ugly things
  5 cyclopes
  15 elephants
  A black mamba (shapeshifter) (D:14)
  A smoke demon (Lair:5)
  A torpor snail (shapeshifter) (Lair:5)
  4 gargoyles
  4 black mambas
  2 efreet (D:13)
  A torpor snail (Lair:4)
  An unseen horror (D:11)
  12 cane toads
  A komodo dragon (shapeshifter) (Lair:5)
  A rime drake (Lair:5)
  3 kobold demonologists (D:11)
  10 komodo dragons
  2 ancient zymes (Lair:5)
  2 tengu conjurers
  4 ice devils (Lair:3)
  4 trolls
  7 polar bears
  A hornet (D:11)
  13 blink frogs
  A tyrant leech (Lair:2)
  A tarantella (shapeshifter) (D:15)
  4 dream sheep (Lair:3)
  13 slime creatures
  A spriggan (Lair:5)
  2 jumping spiders (Spider:1)
  2 shadows (D:11)
  A ynoxinul (Lair:5)
  A water elemental (D:11)
  4 wyverns
  7 wraiths
  A vampire (D:13)
  37 yaks
  2 large abominations (Lair:5)
  Eustachio (D:5)
  6 basilisks
  2 chaos spawn (Lair:5)
  16 humans
  3 steam dragons
  Menkaure (D:4)
  A swamp worm (Lair:2)
  13 water moccasins
  An acid dragon (D:12)
  2 wargs
  11 small abominations (Lair:5)
  26 orc warriors
  3 black bears
  6 ogres
  10 wolves
  A phantom (D:6)
  8 centaurs
  2 kobold brigands
  11 bullfrogs
  A gnoll sergeant (Orc:1)
  4 scorpions
  3 wights (D:7)
  An elephant simulacrum (Lair:3)
  6 killer bees (D:8)
  6 howler monkeys
  4 electric eels
  8 hounds
  7 jellies
  2 gnoll boudas
  14 orc priests
  3 sleepcaps
  Ijyb (D:4)
  21 orc wizards
  An iguana (D:5)
  2 troll simulacra (Lair:3)
  15 gnolls
  11 adders
  2 white imps
  2 ufetubi (D:7)
  3 worms
  3 dart slugs
  81 orcs
  4 ball pythons
  8 endoplasms
  4 giant cockroaches
  10 hobgoblins
  11 jackals
  24 kobolds
  4 quokkas (D:1)
  4 bats
  5 frilled lizards
  5 goblins
  9 rats
  3 spectral weapons (Spider:1)
671 creatures vanquished.

Vanquished Creatures (others)
  A jumping spider (Spider:1)
  An orc wizard (D:7)
2 creatures vanquished.

Grand Total: 673 creatures vanquished

Notes
Turn   | Place    | Note
-------+----------+-------------------------------------------
     0 | D:1      | qw the Minotaur Hexslinger began the quest for the Orb.
     0 | D:1      | Reached XP level 1. HP: 16/16 MP: 1/1
     0 | D:1      | 0 ||| qw: Version: 0.3-a-39-g4513739
     0 | D:1      | 0 ||| qw: Game counter: 7913
     0 | D:1      | 0 ||| qw: Melee chars always use a shield: true
     0 | D:1      | 0 ||| qw: God list: Okawaru
     0 | D:1      | 0 ||| qw: Allow faded altars: false
     0 | D:1      | 0 ||| qw: Do Orc after clearing Dungeon:15 true
     0 | D:1      | 0 ||| qw: Do second Lair branch before Depths: true
     0 | D:1      | 0 ||| qw: Lair rune preference: random
     0 | D:1      | 0 ||| qw: Goals: Normal
     0 | D:1      | 0 ||| PLANNING D:1-11
   153 | D:1      | Reached skill level 3 in Ranged Weapons
   153 | D:1      | Reached XP level 2. HP: 23/23 MP: 2/2
   178 | D:1      | 178 ||| FLEEEEING.
   179 | D:1      | 179 ||| FLEEEEING.
   180 | D:1      | 180 ||| FLEEEEING.
   181 | D:1      | 181 ||| FLEEEEING.
   182 | D:1      | 182 ||| FLEEEEING.
   183 | D:1      | 183 ||| FLEEEEING.
   513 | D:1      | Reached XP level 3. HP: 29/29 MP: 3/3
   885 | D:1      | 885 ||| READING scroll labelled YNGAIS JUSSENO.
   886 | D:1      | 886 ||| READING scroll labelled WIELO DOURPHIPNORY.
   987 | D:1      | 987 ||| READING scroll labelled RAYTESH ADUCWONT.
   987 | D:1      | Identified a scroll of acquirement
   987 | D:1      | 987 ||| ACQUIRING +3 hand crossbow of freezing
   987 | D:1      | Acquired a +3 hand crossbow of freezing
   989 | D:1      | 989 ||| SWAPPING to +3 hand crossbow of freezing.
   990 | D:1      | 990 ||| DROPPING +1 sling.
   991 | D:1      | 991 ||| READING scroll labelled TOIZECW ALLYSEO.
   992 | D:1      | 992 ||| READING scroll labelled FEVIJE ULEIG.
   993 | D:1      | 993 ||| READING scroll labelled UTIDEQ CERIRCHA.
   994 | D:1      | 994 ||| READING scroll labelled LILAFI PAUMN.
  1046 | D:1      | 1046 ||| DRINKING 2 fuming golden potions.
  1047 | D:1      | 1047 ||| DROPPING scroll of poison.
  1075 | D:2      | Reached skill level 4 in Ranged Weapons
  1121 | D:2      | 1121 ||| FLEEEEING.
  1154 | D:2      | Reached XP level 4. HP: 36/36 MP: 4/4
  1440 | D:2      | 1440 ||| READING scroll labelled HELYTHR FAMANLU.
  1683 | D:3      | Found a runed translucent door.
  1858 | D:3      | Noticed qw's ghost (amateur MiHs)
  1989 | D:3      | Found a stormy altar of Qazlal.
  2005 | D:3      | Reached skill level 5 in Ranged Weapons
  2183 | D:3      | 2183 ||| FLEEEEING.
  2186 | D:3      | 2186 ||| FLEEEEING.
  2187 | D:3      | 2187 ||| FLEEEEING.
  2188 | D:3      | 2188 ||| FLEEEEING.
  2190 | D:3      | 2190 ||| FLEEEEING.
  2191 | D:3      | 2191 ||| FLEEEEING.
  2192 | D:3      | 2192 ||| FLEEEEING.
  2193 | D:3      | 2193 ||| FLEEEEING.
  2194 | D:3      | 2194 ||| FLEEEEING.
  2195 | D:3      | 2195 ||| FLEEEEING.
  2196 | D:3      | 2196 ||| FLEEEEING.
  2197 | D:3      | 2197 ||| FLEEEEING.
  2198 | D:3      | 2198 ||| FLEEEEING.
  2199 | D:3      | 2199 ||| FLEEEEING.
  2200 | D:3      | 2200 ||| FLEEEEING.
  2201 | D:3      | 2201 ||| FLEEEEING.
  2202 | D:3      | 2202 ||| FLEEEEING.
  2203 | D:3      | 2203 ||| FLEEEEING.
  2205 | D:3      | 2205 ||| FLEEEEING.
  2206 | D:3      | 2206 ||| FLEEEEING.
  2207 | D:3      | 2207 ||| FLEEEEING.
  2208 | D:3      | 2208 ||| FLEEEEING.
  2209 | D:3      | 2209 ||| FLEEEEING.
  2210 | D:3      | 2210 ||| FLEEEEING.
  2211 | D:3      | 2211 ||| FLEEEEING.
  2213 | D:3      | Reached skill level 3 in Fighting
  2251 | D:3      | Reached XP level 5. HP: 45/45 MP: 5/5
  2686 | D:3      | Found a sparkling altar of Nemelex Xobeh.
  2686 | D:3      | Found an opulent altar of Gozag.
  2734 | D:3      | 2734 ||| UPGRADING to +0 ring mail.
  2744 | D:3      | 2744 ||| DROPPING +0 robe.
  2745 | D:3      | 2745 ||| DRINKING 4 puce potions.
  2746 | D:3      | 2746 ||| READING 3 scrolls of identify.
  2746 | D:3      | 2746 ||| IDENTIFYING murky black potion
  2747 | D:3      | 2747 ||| READING 2 scrolls of identify.
  2747 | D:3      | 2747 ||| IDENTIFYING fizzy brown potion
  2748 | D:3      | 2748 ||| DROPPING potion of magic.
  2749 | D:3      | 2749 ||| DROPPING potion of attraction.
  2785 | D:4      | Reached skill level 1 in Armour
  2896 | D:4      | Noticed Ijyb
  2901 | D:4      | Killed Ijyb
  3004 | D:4      | Reached skill level 6 in Ranged Weapons
  3129 | D:4      | Reached XP level 6. HP: 51/51 MP: 6/6
  3137 | D:4      | Noticed Menkaure
  3142 | D:4      | Killed Menkaure
  3777 | D:4      | 3777 ||| READING scroll labelled XORUNNEPNU.
  3781 | D:4      | 3781 ||| DRINKING 2 orange potions.
  3782 | D:4      | 3782 ||| READING 3 scrolls of identify.
  3782 | D:4      | 3782 ||| IDENTIFYING smoky ruby potion
  3783 | D:4      | 3783 ||| READING 2 scrolls of identify.
  3783 | D:4      | 3783 ||| IDENTIFYING fizzy pink potion
  3784 | D:4      | 3784 ||| DROPPING potion of ambrosia.
  3785 | D:4      | 3785 ||| DROPPING potion of invisibility.
  3789 | D:5      | Entered Level 5 of the Dungeon
  3791 | D:5      | 3791 ||| STAIRDANCE
  3879 | D:5      | Reached skill level 7 in Ranged Weapons
  3879 | D:5      | Reached XP level 7. HP: 18/60 MP: 7/7
  4034 | D:5      | Reached skill level 8 in Ranged Weapons
  4058 | D:5      | Noticed a steam dragon
  4064 | D:5      | Killed a steam dragon
  4411 | D:5      | Noticed Pikel
  4420 | D:5      | HP: 14/62 [lemure[Pikel] (2)]
  4421 | D:5      | 4421 ||| DRINKING potion of heal wounds.
  4423 | D:5      | Killed Pikel
  4424 | D:5      | Reached skill level 10 in Ranged Weapons
  4424 | D:5      | Reached XP level 8. HP: 28/70 MP: 8/8
  4424 | D:5      | 4424 ||| FLEEEEING.
  4425 | D:5      | 4425 ||| FLEEEEING.
  4426 | D:5      | 4426 ||| FLEEEEING.
  4427 | D:5      | 4427 ||| FLEEEEING.
  4428 | D:5      | 4428 ||| FLEEEEING.
  4429 | D:5      | 4429 ||| FLEEEEING.
  4430 | D:5      | 4430 ||| FLEEEEING.
  4431 | D:5      | 4431 ||| FLEEEEING.
  4432 | D:5      | 4432 ||| FLEEEEING.
  4433 | D:5      | 4433 ||| FLEEEEING.
  4434 | D:5      | 4434 ||| FLEEEEING.
  4435 | D:5      | 4435 ||| FLEEEEING.
  4436 | D:5      | 4436 ||| FLEEEEING.
  4453 | D:5      | 4453 ||| FLEEEEING.
  4469 | D:5      | 4469 ||| FLEEEEING.
  4477 | D:5      | 4477 ||| STAIRDANCE
  4559 | D:4      | 4559 ||| READING scroll labelled LANINA BUTE.
  4613 | D:5      | Noticed Eustachio
  4616 | D:5      | Killed Eustachio
  4617 | D:5      | Reached skill level 3 in Dodging
  4626 | D:5      | 4626 ||| FLEEEEING.
  4627 | D:5      | 4627 ||| FLEEEEING.
  4628 | D:5      | 4628 ||| FLEEEEING.
  4785 | D:5      | Reached skill level 6 in Fighting
  5117 | D:6      | 5117 ||| STAIRDANCE
  5124 | D:5      | Reached XP level 9. HP: 24/79 MP: 9/9
  5292 | D:6      | 5292 ||| STAIRDANCE
  5719 | D:6      | Reached skill level 11 in Ranged Weapons
  5764 | D:6      | 5764 ||| READING scroll of acquirement.
  5764 | D:6      | 5764 ||| ACQUIRING scarf "Acodagev" {repulsion, Int+6}
  5764 | D:6      | Acquired the scarf "Acodagev" {repulsion, Int+6}
  5857 | D:6      | Found an iron altar of Okawaru.
  5858 | D:6      | 5858 ||| PLANNING OKAWARU WORSHIP
  5860 | D:6      | 5860 ||| DROPPING ring of wizardry.
  5861 | D:6      | 5861 ||| READING scroll labelled VAMUWK KEOTSI.
  5862 | D:6      | 5862 ||| READING scroll labelled TAISAC WESE.
  5863 | D:6      | 5863 ||| READING scroll labelled XAUTUI TEWKUFF.
  5871 | D:6      | Became a worshipper of Warmaster Okawaru
  5872 | D:6      | 5872 ||| PLANNING D:1-11
  6182 | D:6      | 6182 ||| DROPPING ring of flight.
  6224 | D:7      | 6224 ||| STAIRDANCE
  6427 | D:7      | Found a staircase to the Ecumenical Temple.
  6665 | D:7      | 6665 ||| FLEEEEING.
  6666 | D:7      | 6666 ||| FLEEEEING.
  6667 | D:7      | 6667 ||| FLEEEEING.
  6668 | D:7      | 6668 ||| FLEEEEING.
  6669 | D:7      | 6669 ||| FLEEEEING.
  6670 | D:7      | 6670 ||| FLEEEEING.
  6671 | D:7      | 6671 ||| FLEEEEING.
  6672 | D:7      | 6672 ||| FLEEEEING.
  6673 | D:7      | 6673 ||| FLEEEEING.
  6765 | D:7      | Reached skill level 12 in Ranged Weapons
  6946 | D:7      | 6946 ||| UPGRADING to +6 ring of dexterity.
  6947 | D:7      | 6947 ||| READING scroll labelled UHIDITU ZAROF.
  6948 | D:7      | 6948 ||| READING scroll labelled FOZEAC HUATOEL.
  6949 | D:7      | 6949 ||| READING 2 scrolls of identify.
  6949 | D:7      | 6949 ||| IDENTIFYING cyan potion
  6977 | D:8      | Found a flagged portal.
  7010 | D:8      | 7010 ||| Stepping ~*~*~tactically~*~*~ (cloud).
  7011 | D:8      | 7011 ||| Stepping ~*~*~tactically~*~*~ (cloud).
  7013 | D:8      | 7013 ||| Stepping ~*~*~tactically~*~*~ (cloud).
  7144 | D:8      | Found a shimmering blue altar of Sif Muna.
  7149 | D:8      | Reached * piety under Okawaru
  7150 | D:8      | Reached skill level 6 in Dodging
  7327 | D:8      | Reached skill level 1 in Invocations
  7329 | D:8      | Reached skill level 3 in Armour
  7424 | D:8      | 7424 ||| INVOKING Heroism.
  7434 | D:8      | 7434 ||| Stepping ~*~*~tactically~*~*~ (outnumbered).
  7442 | D:8      | 7442 ||| INVOKING Heroism.
  7445 | D:8      | Reached XP level 10. HP: 72/88 MP: 7/10
  7459 | D:8      | 7459 ||| FLEEEEING.
  7461 | D:8      | 7461 ||| FLEEEEING.
  7462 | D:8      | 7462 ||| FLEEEEING.
  7463 | D:8      | 7463 ||| FLEEEEING.
  7464 | D:8      | 7464 ||| FLEEEEING.
  7465 | D:8      | 7465 ||| FLEEEEING.
  7466 | D:8      | 7466 ||| FLEEEEING.
  7467 | D:8      | 7467 ||| FLEEEEING.
  7468 | D:8      | 7468 ||| FLEEEEING.
  7469 | D:8      | 7469 ||| FLEEEEING.
  7470 | D:8      | 7470 ||| FLEEEEING.
  7471 | D:8      | 7471 ||| FLEEEEING.
  7472 | D:8      | 7472 ||| FLEEEEING.
  7721 | D:8      | 7721 ||| UPGRADING to +0 steam dragon scales.
  7731 | D:8      | 7731 ||| DROPPING +0 ring mail.
  7732 | D:8      | 7732 ||| READING 3 scrolls of enchant armour.
  7732 | D:8      | 7732 ||| ENCHANTING +0 steam dragon scales.
  7733 | D:8      | 7733 ||| READING 2 scrolls of enchant armour.
  7733 | D:8      | 7733 ||| ENCHANTING +1 steam dragon scales.
  7734 | D:8      | 7734 ||| READING scroll of enchant armour.
  7734 | D:8      | 7734 ||| ENCHANTING +2 steam dragon scales.
  7735 | D:8      | 7735 ||| UPGRADING to ring of protection from fire.
  7736 | D:8      | 7736 ||| READING 2 scrolls of identify.
  7736 | D:8      | 7736 ||| IDENTIFYING grey potion
  7737 | D:8      | 7737 ||| DROPPING potion of lignification.
  7812 | D:9      | Reached skill level 3 in Invocations
  7812 | D:9      | 7812 ||| INVOKING Heroism.
  7979 | D:9      | Noticed a two-headed ogre
  7980 | D:9      | 7980 ||| INVOKING Heroism.
  7983 | D:9      | Killed a two-headed ogre
  8331 | D:9      | 8331 ||| INVOKING Heroism.
  8480 | D:9      | Found a hazy altar of Hepliaklqana.
  8695 | D:9      | 8695 ||| DROPPING +6 ring of intelligence.
  8718 | D:10     | Entered Level 10 of the Dungeon
  8719 | D:10     | 8719 ||| Stepping ~*~*~tactically~*~*~ (outnumbered).
  8806 | D:10     | 8806 ||| Stepping ~*~*~tactically~*~*~ (outnumbered).
  8807 | D:10     | 8807 ||| Stepping ~*~*~tactically~*~*~ (outnumbered).
  8809 | D:10     | 8809 ||| Stepping ~*~*~tactically~*~*~ (outnumbered).
  8812 | D:10     | 8812 ||| Stepping ~*~*~tactically~*~*~ (outnumbered).
  9122 | D:10     | Found a blossoming altar of Fedhas.
  9283 | D:10     | Found a glowing golden altar of the Shining One.
  9323 | D:10     | 9323 ||| INVOKING Heroism.
  9330 | D:10     | Reached skill level 13 in Ranged Weapons
  9332 | D:10     | Reached ** piety under Okawaru
  9836 | D:10     | 9836 ||| READING scroll labelled KOLOT GOHI.
  9874 | D:11     | 9874 ||| INVOKING Heroism.
  9876 | D:11     | Reached skill level 9 in Fighting
  9937 | D:11     | Found a white marble altar of Elyvilon.
  9952 | D:11     | Noticed a gargoyle
  9957 | D:11     | 9957 ||| FLEEEEING.
  9958 | D:11     | Killed a gargoyle
 10066 | D:11     | 10066 ||| INVOKING Heroism.
 10095 | D:11     | HP: 21/91 [something (3)]
 10096 | D:11     | 10096 ||| DRINKING potion of heal wounds.
 10097 | D:11     | 10097 ||| INVOKING Heroism.
 10252 | D:11     | Found a staircase to the Lair.
 10257 | D:11     | Reached XP level 11. HP: 97/97 MP: 13/13
 10298 | D:11     | Found a staircase to the Orcish Mines.
 10370 | D:11     | Reached *** piety under Okawaru
 10371 | D:11     | Reached skill level 14 in Ranged Weapons
 10371 | D:11     | 10371 ||| INVOKING Heroism.
 10497 | D:11     | 10497 ||| INVOKING Heroism.
 10628 | D:11     | Identified the +3 leather armour of Paranoia {Harm rPois
                  | rF+}
 10830 | D:11     | 10830 ||| PLANNING LAIR
 10830 | D:11     | 10830 ||| READING 2 scrolls of identify.
 10830 | D:11     | 10830 ||| IDENTIFYING fuming red potion
 10879 | Lair:1   | Entered Level 1 of the Lair of Beasts
 10884 | Lair:1   | 10884 ||| INVOKING Heroism.
 10919 | Lair:1   | 10919 ||| INVOKING Heroism.
 10939 | Lair:1   | Found a runed translucent gate.
 10939 | Lair:1   | Found a runed translucent gate.
 10939 | Lair:1   | Found a runed translucent gate.
 10971 | Lair:1   | 10971 ||| INVOKING Heroism.
 10975 | Lair:1   | Reached skill level 9 in Dodging
 11025 | Lair:1   | 11025 ||| INVOKING Heroism.
 11097 | Lair:1   | 11097 ||| INVOKING Heroism.
 11114 | Lair:1   | Reached **** piety under Okawaru
 11148 | Lair:1   | 11148 ||| INVOKING Heroism.
 11178 | Lair:1   | Reached skill level 15 in Ranged Weapons
 11210 | Lair:1   | 11210 ||| INVOKING Heroism.
 11265 | Lair:1   | Identified the +0 leather armour of Free Will {Dex-4
                  | Slay+5}
 11298 | Lair:1   | 11298 ||| INVOKING Heroism.
 11425 | Lair:1   | 11425 ||| INVOKING Heroism.
 11561 | Lair:1   | Noticed qw's ghost (journeyman GrHs)
 11622 | Lair:1   | 11622 ||| DROPPING +0 leather armour of Free Will {Dex-4
                  | Slay+5}.
 11658 | Lair:2   | 11658 ||| INVOKING Heroism.
 11702 | Lair:2   | 11702 ||| INVOKING Heroism.
 11813 | Lair:2   | Reached XP level 12. HP: 90/106 MP: 14/14
 11817 | Lair:2   | 11817 ||| FLEEEEING.
 11818 | Lair:2   | 11818 ||| FLEEEEING.
 11819 | Lair:2   | 11819 ||| FLEEEEING.
 11829 | Lair:2   | 11829 ||| STAIRDANCE
 11843 | Lair:1   | Reached skill level 16 in Ranged Weapons
 12008 | Lair:2   | 12008 ||| INVOKING Heroism.
 12127 | Lair:2   | Found a staircase to the Swamp.
 12239 | Lair:2   | Noticed a four-headed hydra
 12240 | Lair:2   | 12240 ||| INVOKING Heroism.
 12244 | Lair:2   | Killed a four-headed hydra
 12245 | Lair:2   | Reached skill level 6 in Invocations
 12292 | Lair:2   | 12292 ||| FLEEEEING.
 12293 | Lair:2   | 12293 ||| FLEEEEING.
 12294 | Lair:2   | 12294 ||| FLEEEEING.
 12295 | Lair:2   | 12295 ||| FLEEEEING.
 12296 | Lair:2   | 12296 ||| FLEEEEING.
 12297 | Lair:2   | 12297 ||| FLEEEEING.
 12298 | Lair:2   | 12298 ||| FLEEEEING.
 12753 | Lair:3   | 12753 ||| FLEEEEING.
 12754 | Lair:3   | 12754 ||| FLEEEEING.
 12755 | Lair:3   | 12755 ||| FLEEEEING.
 12756 | Lair:3   | 12756 ||| STAIRDANCE
 12870 | Lair:3   | 12870 ||| INVOKING Heroism.
 12880 | Lair:3   | Reached ***** piety under Okawaru
 12892 | Lair:3   | Noticed Snorg
 12893 | Lair:3   | 12893 ||| STAIRDANCE
 13022 | Lair:3   | 13022 ||| INVOKING Heroism.
 13023 | Lair:3   | 13023 ||| INVOKING Finesse.
 13030 | Lair:3   | Killed Snorg
 13074 | Lair:3   | 13074 ||| STAIRDANCE
 13116 | Lair:3   | Found a hole to the Spider Nest.
 13141 | Lair:3   | Noticed a boulder beetle
 13143 | Lair:3   | 13143 ||| INVOKING Heroism.
 13151 | Lair:3   | Killed a boulder beetle
 13437 | Lair:3   | 13437 ||| INVOKING Heroism.
 13445 | Lair:3   | Noticed a death yak
 13448 | Lair:3   | Noticed a death yak
 13460 | Lair:3   | Killed a death yak
 13461 | Lair:3   | 13461 ||| INVOKING Finesse.
 13462 | Lair:3   | 13462 ||| INVOKING Finesse.
 13463 | Lair:3   | Killed a death yak
 13493 | Lair:3   | 13493 ||| INVOKING Heroism.
 13623 | Lair:3   | 13623 ||| Stepping ~*~*~tactically~*~*~ (water).
 13623 | Lair:3   | Noticed a death yak
 13624 | Lair:3   | 13624 ||| INVOKING Heroism.
 13637 | Lair:3   | Killed a death yak
 13659 | Lair:3   | 13659 ||| INVOKING Heroism.
 13661 | Lair:3   | Reached skill level 9 in Invocations
 13858 | Lair:3   | Noticed a six-headed hydra
 13877 | Lair:3   | 13877 ||| INVOKING Heroism.
 13880 | Lair:3   | Killed a six-headed hydra
 13939 | Lair:3   | Reached XP level 13. HP: 116/116 MP: 18/18
 14181 | Lair:3   | Noticed Nessos
 14188 | Lair:3   | 14188 ||| INVOKING Heroism.
 14193 | Lair:3   | HP: 28/116 [poisoned by Nessos]
 14194 | Lair:3   | 14194 ||| READING 2 scrolls of teleportation.
 14195 | Lair:3   | 14195 ||| DRINKING potion of heal wounds.
 14198 | Lair:3   | HP: 25/116 [poisoned by Nessos]
 14527 | Lair:3   | 14527 ||| INVOKING Heroism.
 14575 | Lair:3   | 14575 ||| DROPPING +2 ring mail of willpower.
 14576 | Lair:3   | 14576 ||| READING 2 scrolls of identify.
 14576 | Lair:3   | 14576 ||| IDENTIFYING lumpy purple potion
 14577 | Lair:3   | 14577 ||| DROPPING potion of degeneration.
 14625 | Lair:4   | Reached skill level 17 in Ranged Weapons
 14638 | Lair:4   | 14638 ||| INVOKING Heroism.
 14664 | Lair:4   | 14664 ||| INVOKING Heroism.
 14698 | Lair:4   | You fall into a shaft and drop 1 floor!
 14698 | Lair:5   | Entered Level 5 of the Lair of Beasts
 14703 | Lair:5   | 14703 ||| Stepping ~*~*~tactically~*~*~ (outnumbered).
 14706 | Lair:5   | 14706 ||| Stepping ~*~*~tactically~*~*~ (outnumbered).
 14720 | Lair:5   | 14720 ||| INVOKING Heroism.
 14769 | Lair:5   | 14769 ||| INVOKING Heroism.
 14893 | Lair:5   | 14893 ||| INVOKING Heroism.
 14929 | Lair:5   | 14929 ||| INVOKING Heroism.
 14953 | Lair:5   | 14953 ||| INVOKING Finesse.
 14967 | Lair:5   | Reached skill level 18 in Ranged Weapons
 14974 | Lair:5   | 14974 ||| INVOKING Heroism.
 15156 | Lair:5   | 15156 ||| READING 3 scrolls of identify.
 15156 | Lair:5   | 15156 ||| IDENTIFYING bubbling inky potion
 15157 | Lair:5   | 15157 ||| READING 2 scrolls of identify.
 15157 | Lair:5   | 15157 ||| IDENTIFYING fizzy black potion
 15185 | Lair:4   | 15185 ||| FLEEEEING.
 15190 | Lair:4   | 15190 ||| FLEEEEING.
 15191 | Lair:4   | 15191 ||| FLEEEEING.
 15192 | Lair:4   | 15192 ||| FLEEEEING.
 15193 | Lair:4   | 15193 ||| FLEEEEING.
 15194 | Lair:4   | 15194 ||| FLEEEEING.
 15195 | Lair:4   | 15195 ||| FLEEEEING.
 15196 | Lair:4   | 15196 ||| FLEEEEING.
 15197 | Lair:4   | 15197 ||| FLEEEEING.
 15198 | Lair:4   | 15198 ||| FLEEEEING.
 15199 | Lair:4   | 15199 ||| FLEEEEING.
 15200 | Lair:4   | 15200 ||| FLEEEEING.
 15201 | Lair:4   | 15201 ||| FLEEEEING.
 15202 | Lair:4   | 15202 ||| FLEEEEING.
 15203 | Lair:4   | 15203 ||| FLEEEEING.
 15204 | Lair:4   | 15204 ||| FLEEEEING.
 15205 | Lair:4   | 15205 ||| FLEEEEING.
 15206 | Lair:4   | 15206 ||| FLEEEEING.
 15207 | Lair:4   | 15207 ||| FLEEEEING.
 15208 | Lair:4   | 15208 ||| FLEEEEING.
 15209 | Lair:4   | 15209 ||| FLEEEEING.
 15210 | Lair:4   | 15210 ||| FLEEEEING.
 15211 | Lair:4   | 15211 ||| FLEEEEING.
 15212 | Lair:4   | 15212 ||| FLEEEEING.
 15213 | Lair:4   | 15213 ||| FLEEEEING.
 15214 | Lair:4   | 15214 ||| FLEEEEING.
 15215 | Lair:4   | 15215 ||| FLEEEEING.
 15216 | Lair:4   | 15216 ||| FLEEEEING.
 15217 | Lair:4   | 15217 ||| FLEEEEING.
 15218 | Lair:4   | 15218 ||| STAIRDANCE
 15271 | Lair:4   | Reached skill level 12 in Fighting
 15390 | Lair:4   | 15390 ||| INVOKING Heroism.
 15516 | Lair:4   | Found a viscous altar of Jiyva.
 15516 | Lair:4   | Found a staircase to the Slime Pits.
 16085 | Lair:5   | 16085 ||| INVOKING Heroism.
 16192 | Lair:5   | 16192 ||| FLEEEEING.
 16193 | Lair:5   | 16193 ||| FLEEEEING.
 16194 | Lair:5   | 16194 ||| FLEEEEING.
 16195 | Lair:5   | 16195 ||| FLEEEEING.
 16205 | Lair:5   | 16205 ||| INVOKING Heroism.
 16318 | Lair:5   | 16318 ||| INVOKING Heroism.
 16429 | Lair:5   | 16429 ||| READING scroll of enchant armour.
 16429 | Lair:5   | 16429 ||| ENCHANTING +3 steam dragon scales.
 16488 | Lair:5   | 16488 ||| INVOKING Heroism.
 16499 | Lair:5   | Reached XP level 14. HP: 114/129 MP: 18/20
 16600 | Lair:5   | Reached skill level 12 in Dodging
 16667 | Lair:5   | Received a gift from Okawaru
 16706 | Lair:5   | Found a corrupted altar of Lugonu.
 16706 | Lair:5   | Found a one-way gate to the infinite horrors of the Abyss.
 16768 | Lair:5   | 16768 ||| Stepping ~*~*~tactically~*~*~ (outnumbered).
 17200 | Lair:5   | 17200 ||| PLANNING D
 17200 | Lair:5   | 17200 ||| UPGRADING to ring of see invisible.
 17202 | Lair:5   | 17202 ||| DRINKING 2 fizzy coppery potions.
 17300 | D:12     | 17300 ||| STAIRDANCE
 17302 | D:11     | 17302 ||| INVOKING Heroism.
 17448 | D:12     | 17448 ||| INVOKING Heroism.
 17450 | D:12     | 17450 ||| READING 3 scrolls of teleportation.
 18184 | D:12     | 18184 ||| INVOKING Heroism.
 18185 | D:12     | 18185 ||| READING 3 scrolls of teleportation.
 18230 | D:12     | 18230 ||| INVOKING Heroism.
 18231 | D:12     | 18231 ||| READING 2 scrolls of teleportation.
 18300 | D:12     | Found Fefoop's Weapon Boutique.
 18308 | D:12     | 18308 ||| BUYING +0 longbow (84 gold).
 18308 | D:12     | Bought a +0 longbow for 84 gold pieces
 18308 | D:12     | 18308 ||| SWAPPING to +0 longbow.
 18309 | D:12     | 18309 ||| DROPPING +4 hand crossbow of freezing.
 18417 | D:13     | 18417 ||| FLEEEEING.
 18420 | D:13     | 18420 ||| STAIRDANCE
 18510 | D:13     | 18510 ||| STAIRDANCE
 18583 | D:13     | 18583 ||| INVOKING Heroism.
 18765 | D:13     | 18765 ||| Stepping ~*~*~tactically~*~*~ (outnumbered).
 18771 | D:13     | 18771 ||| Stepping ~*~*~tactically~*~*~ (outnumbered).
 18773 | D:13     | 18773 ||| Stepping ~*~*~tactically~*~*~ (outnumbered).
 18778 | D:13     | 18778 ||| INVOKING Heroism.
 18955 | D:13     | 18955 ||| INVOKING Heroism.
 19550 | D:14     | Noticed Lodul
 19550 | D:14     | Found a gate to the Vaults.
 19551 | D:14     | 19551 ||| INVOKING Heroism.
 19552 | D:14     | 19552 ||| INVOKING Finesse.
 19558 | D:14     | Killed Lodul
 19568 | D:14     | Reached skill level 19 in Ranged Weapons
 19583 | D:14     | 19583 ||| STAIRDANCE
 19591 | D:13     | HP: 20/132 [tengu warrior/+0 battleaxe (19)]
 19592 | D:13     | 19592 ||| READING 2 scrolls of teleportation.
 19593 | D:13     | 19593 ||| DRINKING potion of heal wounds.
 19595 | D:13     | HP: 9/132 [centaur warrior (1)]
 19848 | D:13     | Received a gift from Okawaru
 19892 | D:13     | 19892 ||| SWAPPING to +1 triple crossbow of freezing.
 19893 | D:13     | 19893 ||| DROPPING +0 longbow.
 19909 | D:14     | 19909 ||| INVOKING Heroism.
 20001 | D:14     | Identified the +5 ring mail of Surprise {Str+6}
 20026 | D:14     | Noticed Josephine
 20037 | D:14     | Killed Josephine
 20121 | D:14     | Found Zin's Purification Station.
 20126 | D:14     | Found a glowing silver altar of Zin.
 20129 | D:14     | 20129 ||| BUYING potion of curing (90 gold).
 20129 | D:14     | Bought a potion of curing for 90 gold pieces
 20149 | D:14     | 20149 ||| READING scroll of acquirement.
 20149 | D:14     | 20149 ||| ACQUIRING 713 gold pieces
 20149 | D:14     | Acquired 713 gold pieces
 20257 | D:14     | Reached skill level 20 in Ranged Weapons
 20261 | D:14     | Noticed Eheckubbit's ghost (journeyman DgHW)
 20262 | D:14     | Found a runed translucent door.
 20427 | D:14     | Found a sacrificial altar of Ru.
 20505 | D:14     | 20505 ||| INVOKING Heroism.
 20506 | D:14     | 20506 ||| INVOKING Finesse.
 20614 | D:14     | Reached XP level 15. HP: 138/138 MP: 21/21
 20934 | D:14     | 20934 ||| UPGRADING to +5 ring mail of Surprise {Str+6}.
 20944 | D:14     | 20944 ||| DROPPING +4 steam dragon scales.
 20945 | D:14     | 20945 ||| DROPPING ring of willpower.
 20946 | D:14     | 20946 ||| DROPPING ring of ice.
 20947 | D:14     | 20947 ||| READING 2 scrolls of identify.
 20947 | D:14     | 20947 ||| IDENTIFYING dark potion
 20948 | D:14     | 20948 ||| DROPPING potion of brilliance.
 20970 | D:15     | Entered Level 15 of the Dungeon
 20970 | D:15     | Found a blossoming altar of Fedhas.
 20989 | D:15     | Found Qareseph's General Store.
 20997 | D:15     | 20997 ||| BUYING scroll of identify (38 gold).
 20997 | D:15     | Bought a scroll of identify for 38 gold pieces
 21271 | D:15     | 21271 ||| INVOKING Heroism.
 21537 | D:15     | 21537 ||| INVOKING Heroism.
 21745 | D:15     | 21745 ||| INVOKING Heroism.
 21748 | D:15     | 21748 ||| Stepping ~*~*~tactically~*~*~ (outnumbered).
 21829 | D:15     | Found a staircase to the Depths.
 21862 | D:15     | 21862 ||| FLEEEEING.
 21876 | D:15     | 21876 ||| FLEEEEING.
 22029 | D:15     | Found a radiant altar of Vehumet.
 22278 | D:15     | 22278 ||| PLANNING ORC
 22479 | Orc:1    | Entered Level 1 of the Orcish Mines
 22561 | Orc:1    | 22561 ||| INVOKING Heroism.
 22562 | Orc:1    | 22562 ||| Stepping ~*~*~tactically~*~*~ (outnumbered).
 22563 | Orc:1    | 22563 ||| Stepping ~*~*~tactically~*~*~ (outnumbered).
 22565 | Orc:1    | Paralysed by an orc sorcerer for 4 turns
 22576 | Orc:1    | Reached skill level 21 in Ranged Weapons
 22877 | Orc:1    | Found a transporter.
 22877 | Orc:1    | Noticed Necsenou's ghost (journeyman GnWn)
 22881 | Orc:1    | 22881 ||| INVOKING Heroism.
 22953 | Orc:1    | Found a transporter.
 22988 | Orc:1    | 22988 ||| INVOKING Heroism.
 23049 | Orc:1    | 23049 ||| INVOKING Heroism.
 23091 | Orc:1    | Found a dark tunnel.
 23229 | Orc:2    | Entered Level 2 of the Orcish Mines
 23261 | Orc:2    | Found a staircase to the Elven Halls.
 23311 | Orc:2    | 23311 ||| INVOKING Heroism.
 23312 | Orc:2    | 23312 ||| INVOKING Finesse.
 23340 | Orc:2    | Reached skill level 15 in Fighting
 23422 | Orc:2    | 23422 ||| INVOKING Heroism.
 23494 | Orc:2    | 23494 ||| Stepping ~*~*~tactically~*~*~ (outnumbered).
 23496 | Orc:2    | 23496 ||| INVOKING Heroism.
 23498 | Orc:2    | 23498 ||| Stepping ~*~*~tactically~*~*~ (outnumbered).
 23506 | Orc:2    | Reached skill level 6 in Armour
 23550 | Orc:2    | 23550 ||| FLEEEEING.
 23611 | Orc:2    | 23611 ||| INVOKING Heroism.
 23654 | Orc:2    | Found Lysydghiu's Antique Weapon Shop.
 23654 | Orc:2    | Found Vohosm's Magic Scroll Emporium.
 23656 | Orc:2    | Found Qoukiar's General Store.
 23656 | Orc:2    | Found Lieneefy's General Store.
 23665 | Orc:2    | 23665 ||| BUYING 2 scrolls of teleportation (78 gold).
 23665 | Orc:2    | Bought 2 scrolls of teleportation for 78 gold pieces
 23665 | Orc:2    | 23665 ||| BUYING potion of might (52 gold).
 23665 | Orc:2    | Bought a potion of might for 52 gold pieces
 23665 | Orc:2    | 23665 ||| BUYING scroll of identify (26 gold).
 23665 | Orc:2    | Bought a scroll of identify for 26 gold pieces
 23666 | Orc:2    | 23666 ||| BUYING scroll of enchant armour (120 gold).
 23666 | Orc:2    | Bought a scroll of enchant armour for 120 gold pieces
 23666 | Orc:2    | 23666 ||| BUYING scroll of enchant armour (120 gold).
 23666 | Orc:2    | Bought a scroll of enchant armour for 120 gold pieces
 23666 | Orc:2    | 23666 ||| BUYING scroll of identify (32 gold).
 23666 | Orc:2    | Bought a scroll of identify for 32 gold pieces
 23668 | Orc:2    | 23668 ||| BUYING scroll of acquirement (780 gold).
 23668 | Orc:2    | Bought a scroll of acquirement for 780 gold pieces
 23668 | Orc:2    | 23668 ||| BUYING scroll of identify (30 gold).
 23668 | Orc:2    | Bought a scroll of identify for 30 gold pieces
 23668 | Orc:2    | 23668 ||| BUYING scroll of identify (30 gold).
 23668 | Orc:2    | Bought a scroll of identify for 30 gold pieces
 23668 | Orc:2    | 23668 ||| BUYING scroll of teleportation (45 gold).
 23668 | Orc:2    | Bought a scroll of teleportation for 45 gold pieces
 23668 | Orc:2    | 23668 ||| BUYING scroll of teleportation (45 gold).
 23668 | Orc:2    | Bought a scroll of teleportation for 45 gold pieces
 23668 | Orc:2    | 23668 ||| BUYING scroll of teleportation (45 gold).
 23668 | Orc:2    | Bought a scroll of teleportation for 45 gold pieces
 23668 | Orc:2    | 23668 ||| READING scroll of acquirement.
 23668 | Orc:2    | 23668 ||| ACQUIRING +1 pair of boots of the Peculiar
                  | Planets {Int+2}
 23668 | Orc:2    | Acquired the +1 pair of boots of the Peculiar Planets
                  | {Int+2}
 23925 | Orc:2    | 23925 ||| PLANNING SPIDER:1-3
 24071 | Spider:1 | Entered Level 1 of the Spider Nest
 24082 | Spider:1 | Noticed Asterion
 24083 | Spider:1 | 24083 ||| INVOKING Heroism.
 24084 | Spider:1 | 24084 ||| INVOKING Finesse.
 24101 | Spider:1 | HP: 27/141 [jumping spider (11)]
 24102 | Spider:1 | 24102 ||| READING 7 scrolls of teleportation.
 24102 | Spider:1 | HP: 13/141 [+1 spectral demon trident[Asterion] (14)]
 24102 | Spider:1 | HP: 5/141 [jumping spider (8)]
 24102 | Spider:1 | Slain by Asterion

Levels and vault maps discovered:
D:1:      lightli_arrival_lavapool, layout_loops_ring, minivault_25,
          hangedman_decor_diamond_cutter, fountainhead, minmay_fountain_box,
          serial_bayou_pond_e
D:2:      kb_forest_paths, layout_rooms, serial_glass, glass_columns_a,
          glass_columns_a, glass_columns_a, glass_columns_a, glass_columns_a,
          glass_columns_a
D:3:      layout_basic, grunt_temple_overflow_opulence,
          nicolae_qazlal_general_emergency, ebering_ghost_sewer_d, minmay_vboxes
D:4:      layout_basic, grunt_decor_fettered, nicolae_eternal_life,
          uniq_menkaure, uniq_ijyb
D:5:      layout_cave_pods, uniq_pikel, uniq_eustachio
D:6:      layout_cave_pods, kennysheep_okawaru_gauntlet, minmay_misc_feat_cross,
          minmay_stone_trees_medium
D:7:      layout_basic, minmay_temple_entry_sparse_star, abandoned_shop,
          st_stairs_5, grunt_ministairs_2
D:8:      layout_loops_ring, nicolae_sif_muna_condensation, enter_bailey_1,
          special_room [special_room_orc]
D:9:      layout_layer_cave, mainiacjoe_overflow_alcove_2
D:10:     layout_loops_corners, mainiacjoe_overflow_tiny_flanked, tso_altar,
          minmay_unpleasant_kobolds
D:11:     layout_irregular_city, erik_lair_island, elyvilon_altar_3
D:12:     layout_loops_corners, serial_shops, shop
D:13:     layout_basic, hex_medium
D:14:     layout_basic, david_vaults_3, hellmonk_ghost_happy_afterlife,
          nicolae_ru_path_of_blood, zin_purify, uniq_josephine
D:15:     grunt_enter_depths_hoard, layout_grid_maze, fedhas_altar_2,
          serial_shops, nicolae_shop_advertising_works
          [nicolae_subvault_shop_adworks], vehumet_crystals
Lair:1:   layout_regular_city, gammafunk_ghost_icy, grunt_megastairs_3
Lair:2:   layout_chaotic_city, minmay_swamp_entry_worms, serial_bayou_shore_a
Lair:3:   dreamdust_isle_of_ice, layout_cave_pods, spider_nest_entry_web_field,
          small_statue_intersection, serial_bayou_shore_b, uniq_snorg,
          uniq_nessos
Lair:4:   layout_roguey, minmay_slime_entry_pillars, grunt_megastairs_4
Lair:5:   hellmonk_lair_end_abyssal_woods, layout_long_grid,
          nicolae_quartered_pool_medium
Spider:1: layout_cave_pods, einodemon_crawler_minivault, uniq_asterion,
          uniq_nikola
Orc:1:    layout_caves, gammafunk_ghost_abyssal_escape,
          nicolae_volcano_entry_lava_flow
Orc:2:    grunt_orc_tribal_feast, layout_diamond_mine

Skill      XL: |  1  2  3  4  5  6  7  8  9 10 11 12 13 14 15 |
---------------+----------------------------------------------+-----
Ranged Weapons | 3 4 5 6 7 10 12 13 15 16 18 20 21 | 21.3
Fighting       | 2 3 4 5 7 8 9 10 11 13 14 15 | 15.0
Armour         | 1 2 3 4 5 6 |  6.1
Dodging        | 3 6 8 9 10 11 12 | 12.8
Invocations    | 2 4 5 9 10 | 10.0
Spellcasting   | |  1.0
Hexes          | |  2.0

Action                     |  1- 3 |  4- 6 |  7- 9 | 10-12 | 13-15 || total
---------------------------+-------+-------+-------+-------+-------++-------
   Fire: Sling             |    96 |       |       |       |       ||    96
         Hand crossbow     |    16 |    94 |   200 |   456 |   404 ||  1170
         Longbow           |       |       |       |       |   146 ||   146
         Triple crossbow   |       |       |       |       |   362 ||   362
 Invoke: Heroism           |       |       |     2 |    30 |    36 ||    68
         Finesse           |       |       |       |     2 |     5 ||     7
    Use: Scroll            |     7 |     6 |     8 |     6 |    13 ||    40
         Potion            |     1 |     2 |     1 |     1 |     3 ||     8
 Armour: Robe              |     7 |     3 |       |       |       ||    10
         Ring mail         |       |    13 |    19 |     1 |    18 ||    51
         Steam dragon scal |       |       |       |    35 |    69 ||   104
  Dodge: Dodged            |    42 |    39 |    76 |   184 |   589 ||   930

Table legend:
 A = Non-vault XP
 B = Vault XP
 C = Vault XP percentage of total XP
 D = Non-vault monster count
 E = Vault monster count
 F = Vault count percentage of total count
                 A         B        C        D         E       F
            +---------+---------+-------+---------+---------+-------
      Total |   94842 |   39095 |  29.2 |     479 |     191 |  28.5
            +---------+---------+-------+---------+---------+-------
        D:1 |      62 |       0 |   0.0 |      34 |       0 |   0.0
        D:2 |      64 |      10 |  13.5 |      18 |       6 |  25.0
        D:3 |      41 |      35 |  46.1 |      12 |       5 |  29.4
        D:4 |     198 |     208 |  51.2 |      17 |       2 |  10.5
        D:5 |    1472 |     813 |  35.6 |      24 |       2 |   7.7
        D:6 |     467 |      46 |   9.0 |       9 |       5 |  35.7
        D:7 |     568 |     183 |  24.4 |      16 |      10 |  38.5
        D:8 |    1299 |     505 |  28.0 |      16 |      25 |  61.0
        D:9 |    1556 |       0 |   0.0 |      14 |       0 |   0.0
       D:10 |    1472 |       9 |   0.6 |      15 |       6 |  28.6
       D:11 |    5435 |     258 |   4.5 |      25 |       6 |  19.4
       D:12 |    4325 |       0 |   0.0 |      16 |       0 |   0.0
       D:13 |    8789 |    2265 |  20.5 |      24 |       5 |  17.2
       D:14 |   10278 |    5519 |  34.9 |      20 |      21 |  51.2
       D:15 |    8288 |    1750 |  17.4 |      18 |       2 |  10.0
     Lair:1 |    5466 |     491 |   8.2 |      21 |       2 |   8.7
     Lair:2 |    4536 |     448 |   9.0 |      21 |       2 |   8.7
     Lair:3 |    8007 |    7200 |  47.3 |      26 |      19 |  42.2
     Lair:4 |    5473 |    1666 |  23.3 |      16 |       8 |  33.3
     Lair:5 |   16104 |   10107 |  38.6 |      40 |      35 |  46.7
   Spider:1 |     602 |       0 |   0.0 |       3 |       0 |   0.0
      Orc:1 |    6252 |       0 |   0.0 |      46 |       0 |   0.0
      Orc:2 |    4088 |    7582 |  65.0 |      28 |      30 |  51.7
            +---------+---------+-------+---------+---------+-------
